 Dungeon Crawl Stone Soup version 0.28-a0-1213-g0243856f03 (webtiles) character file.

Game seed: 17203029324124926245

14904 frimble the Fighter (level 11, -27/98 HPs)
             Began as a Demonspawn Warper on Dec 22, 2021.
             Was a Priest of Cheibriados.
             Killed by an exploding death yak (32 damage)
             ... ignited by their inner flame
             ... in an ice cave.
             The game lasted 00:21:43 (15921 turns).

frimble the Fighter (Demonspawn Warper)            Turns: 15921, Time: 00:21:44

Health: -27/98     AC: 17    Str: 17    XL:     11   Next: 94%
Magic:  28/32      EV: 13    Int: 27    God:    Cheibriados [***...]
Gold:   2147       SH:  6    Dex: 22    Spells: 5/14 levels left

rFire   . . .      SeeInvis .   B - +1 long sword (protect)
rCold   . . .      Faith    .   w - +0 buckler
rNeg    . . .      Spirit   .   b - +0 leather armour
rPois   .          Reflect  .   p - +1 helmet
rElec   .          Harm     .   (no cloak)
rCorr   .          Rampage  .   l - +0 pair of gloves
Will    .....                   v - +1 pair of boots
Stlth   +++.......              L - amulet of the acrobat
HPRegen 3.26/turn               q - ring "Layrioj" {Wiz MP+9 Int+3 Dex+2}
MPRegen 0.23/turn               i - ring of magical power

@: under a protective aura, on blink cooldown, studying Fighting, very slow
A: hooves 2, molten scales 1, foul stench 1, powered by death 2, corrupting
presence 1
a: Renounce Religion, Bend Time, Temporal Distortion


You were in an ice cave.
You worshipped Cheibriados.
Cheibriados was most pleased with you.
You visited 3 branches of the dungeon, and saw 15 of its levels.
You also visited: Ice Cave.

You collected 2257 gold pieces.
You spent 110 gold pieces at shops.

Inventory:

Hand Weapons
 m - a +1 falchion of freezing
 B - a +1 long sword of protection (weapon)
Missiles
 d - 5 boomerangs of dispersal
 h - a throwing net
 t - a boomerang (quivered)
Armour
 b - a +0 leather armour (worn)
 l - a +0 pair of gloves (worn)
 p - a +1 helmet (worn)
 v - a +1 pair of boots (worn)
 w - a +0 buckler (worn)
Jewellery
 i - a ring of magical power (right hand)
 q - the ring "Layrioj" (left hand) {Wiz MP+9 Int+3 Dex+2}
   (You found it on level 5 of the Dungeon)

   [ring of wizardry]

   It improves your spell success rate.
   Int:       It affects your intelligence (+3).
   Dex:       It affects your dexterity (+2).
   MP:        It affects your magic capacity (+9).
 L - an amulet of the acrobat (around neck)
Wands
 g - a wand of charming (4)
 r - a wand of polymorph (12)
 C - a wand of paralysis (2)
Scrolls
 c - a scroll of amnesia
 e - 2 scrolls of vulnerability
 f - 3 scrolls of immolation
 j - 4 scrolls of teleportation
 k - a scroll of magic mapping
 y - a scroll of fog
 D - 2 scrolls of fear
 I - a scroll of blinking
Potions
 a - a potion of heal wounds
 n - a potion of attraction
 o - 4 potions of brilliance
 s - a potion of mutation
 u - 2 potions of curing
 z - 3 potions of haste
 F - 2 potions of magic
 G - 2 potions of resistance {unknown}
 H - 2 potions of flight {unknown}
 K - 3 potions of lignification {unknown}


   Skills:
 - Level 13.4 Fighting
 + Level 13.4 Long Blades
 - Level 0.8 Throwing
 - Level 0.8 Armour
 - Level 2.5 Dodging
 - Level 3.0 Stealth
 - Level 4.0 Shields
 - Level 2.0 Spellcasting
 - Level 2.6 Translocations
 + Level 5.2 Evocations


You had 5 spell levels left.
You knew the following spells:

 Your Spells              Type           Power      Damage    Failure   Level
a - Blink                 Tloc           34%        N/A       2%          2
b - Statue Form           Tmut/Erth      1%         N/A       99%         6
c - Apportation           Tloc           34%        N/A       1%          1

Your spell library contained the following spells:

 Spells                   Type           Power      Damage    Failure   Level
 Animate Skeleton         Necr           4%         N/A       4%          1
 Freeze                   Ice            8%         1d3       4%          1
 Magic Dart               Conj           8%         1d3       4%          1
 Sting                    Tmut/Pois      8%         1d3       4%          1
 Summon Small Mammal      Summ           8%         N/A       4%          1
 Gell's Gravitas          Tloc           17%        N/A       4%          3
 Lesser Beckoning         Tloc           17%        N/A       4%          3
 Teleport Other           Tloc           17%        N/A       4%          3
 Poisonous Vapours        Pois/Air       4%         N/A       7%          2
 Searing Ray              Conj           4%         2d4       7%          2
 Portal Projectile        Hex/Tloc       18%        N/A       9%          3
 Frozen Ramparts          Ice            4%         1d2       14%         3
 Ignite Poison            Fire/Tmut/Pois 2%         N/A       14%         3
 Mephitic Cloud           Conj/Pois/Air  2%         N/A       14%         3
 Tukima's Dance           Hex            2%         N/A       14%         3
 Passage of Golubria      Tloc           17%        N/A       16%         4
 Manifold Assault         Tloc           17%        N/A       38%         5
 Fulminant Prism          Conj/Hex       1%         3d6       41%         4
 Hailstorm                Conj/Ice       2%         3d3       41%         4
 Ice Form                 Ice/Tmut       2%         N/A       41%         4
 Leda's Liquefaction      Hex/Erth       1%         N/A       41%         4
 Olgreb's Toxic Radiance  Pois           2%         N/A       41%         4
 Summon Ice Beast         Ice/Summ       2%         N/A       41%         4
 Summon Forest            Summ/Tloc      4%         N/A       56%         5
 Blade Hands              Tmut           1%         N/A       75%         5
 Excruciating Wounds      Necr           1%         N/A       75%         5
 Freezing Cloud           Conj/Ice/Air   1%         6-21      75%         5
 Lee's Rapid Deconstruct  Erth           1%         3d5*      75%         5
 Summon Mana Viper        Hex/Summ       2%         N/A       75%         5
 Yara's Violent Unravell  Hex/Tmut       1%         3d3       75%         5
 Dispersal                Tloc           8%         N/A       90%         6
 Summon Cactus Giant      Summ           1%         N/A       99%         6


Dungeon Overview and Level Annotations

Branches:
Dungeon (11/15)            Temple (1/1) D:4            Lair (3/6) D:8
  IceCv (1/1)
  Swamp: Lair:2-4    Shoals: Lair:2-4     Snake: Lair:2-4    Spider: Lair:2-4
    Orc: D:9-12

Altars:
Ashenzari
Cheibriados
Dithmenos
Elyvilon
Gozag
Makhleb
Okawaru
Qazlal
Ru
Uskayaw
Vehumet
Wu Jian
Yredelemnul
Zin

Shops:
D:2 *


Innate Abilities, Weirdness & Mutations

You have hoof-like feet.
You are partially covered in molten scales. (AC +2)
You may rarely emit foul miasma when damaged in melee.
You regenerate health from kills.
Your presence sometimes corrodes those you injure.


Message History

Okay, then.
Unknown command.
Okay, then.
Unknown command.
Casting: Blink (safe; 2% risk of failure)
Confirm with . or Enter, or press ? or * to list all spells.
You blink.
You hit the death yak.
The death yak is moderately wounded.
Casting: Blink (safe; 2% risk of failure)
Confirm with . or Enter, or press ? or * to list all spells.
Okay, then.
Unknown command.
Unknown command.
Really read the scroll of immolation?
As you read the scroll of immolation, it crumbles to dust.
The creatures around you are filled with an inner flame!
The death yak gores you!
You hit the death yak.
Flame seeps out of the death yak.
The death yak is moderately wounded.
The death yak is engulfed in blazing flames.
Flame seeps out of the death yak.
The death yak gores you but does no damage.
The yak gores you!
You hit the yak.
Flame seeps out of the yak.
The yak seems to be corroded for longer.
The yak is severely wounded.
You hit the yak.
Flame seeps out of the yak.
The yak is severely wounded.
The death yak gores you!
The yak is engulfed in blazing flames.
Cheibriados thoroughly appreciates the change of pace.
You can now warp the flow of time around you.
The yak explodes!
The fiery explosion engulfs you!!
* * * LOW HITPOINT WARNING * * *
The fiery explosion engulfs the death yak!!!
Cheibriados appreciates the change of pace.
The death yak explodes!
The fiery explosion engulfs you!!
You die...

#.......#
#...†...#
##.....##
##...##
##...#
#...##
#...##
##...##
##§@§# ##°○#
##§§## #..##
#..# #....
.......
.........
.....#......


There were no monsters in sight!

Vanquished Creatures
  4 two-headed ogres
  A death yak (IceCv)
  A cyclops (D:11)
  A cane toad (Lair:2)
  A komodo dragon (Lair:2)
  5 rime drakes
  A jumping spider (Lair:2)
  3 polar bears (IceCv)
  A troll (D:10)
  A hornet (D:10)
  Prince Ribbit (D:7)
  A meliai zombie (D:11)
  A vampire (D:11)
  A shadow (D:10)
  A steam dragon (D:9)
  20 yaks
  Eustachio (D:4)
  5 water moccasins
  An orc warrior (D:9)
  4 ice beasts
  3 black bears
  4 sky beasts
  An ogre (D:4)
  5 centaurs
  3 necrophages
  3 wolves (IceCv)
  4 kobold brigands
  5 bullfrogs
  2 gnoll sergeants
  A scorpion (D:5)
  A wyvern skeleton (D:5)
  A water moccasin skeleton (D:5)
  5 killer bees (D:7)
  3 wights (D:6)
  A howler monkey (D:5)
  A bullfrog zombie (D:6)
  2 orc priests
  4 centaur zombies
  2 bullfrog skeletons (D:5)
  5 hounds
  3 orc wizards
  7 iguanas
  A hound skeleton (D:4)
  Robin (D:4)
  8 adders
  14 gnolls
  A howler monkey skeleton (D:5)
  A shadow imp (D:7)
  A white imp (D:5)
  3 ufetubi
  2 worms
  4 dart slugs
  25 orcs
  5 bats
  4 endoplasms
  5 giant cockroaches
  21 goblins
  17 hobgoblins
  9 jackals
  7 quokkas
  8 ball pythons
  3 frilled lizards
  20 kobolds
  4 rats
285 creatures vanquished.

Vanquished Creatures (others)
  2 yaks
  A fungus (Lair:2)
  2 plants (Lair:2)
5 creatures vanquished.

Grand Total: 290 creatures vanquished

Notes
Turn   | Place    | Note
-------+----------+-------------------------------------------
     0 | D:1      | frimble the Demonspawn Warper began the quest for the Orb.
     0 | D:1      | Reached XP level 1. HP: 16/16 MP: 3/3
   346 | D:1      | Gained mutation: You have large cloven feet. [demonic
                  | ancestry]
   346 | D:1      | Reached XP level 2. HP: 10/22 MP: 5/5
   907 | D:1      | Learned a level 2 spell: Blink
  1172 | D:1      | Reached XP level 3. HP: 21/27 MP: 6/6
  1321 | D:1      | Found a faded altar of an unknown god.
  1338 | D:1      | Identified a scroll of acquirement
  1338 | D:1      | Acquired 1156 gold pieces
  2236 | D:2      | Gained mutation: You are partially covered in molten
                  | scales. (AC +2) [demonic ancestry]
  2236 | D:2      | Reached XP level 4. HP: 32/33 MP: 7/7
  2277 | D:2      | Found Saubiepp's General Store.
  2280 | D:2      | Bought a scroll of teleportation for 30 gold pieces
  2280 | D:2      | Bought a scroll of magic mapping for 35 gold pieces
  2280 | D:2      | Bought a +0 pair of gloves for 45 gold pieces
  3092 | D:3      | Found a hide-covered altar of Uskayaw.
  3849 | D:4      | Gained mutation: You regenerate a little health from kills.
                  | [demonic ancestry]
  3849 | D:4      | Reached XP level 5. HP: 27/38 MP: 8/8
  3978 | D:4      | Noticed Robin
  4005 | D:4      | Killed Robin
  4037 | D:4      | Noticed Eustachio
  4068 | D:5      | Entered Level 5 of the Dungeon
  4193 | D:5      | Reached skill level 5 in Long Blades
  4208 | D:5      | Identified the ring "Layrioj" {Wiz MP+9 Int+3 Dex+2}
  4344 | D:5      | Noticed a black bear
  4349 | D:5      | Killed a black bear
  4350 | D:5      | Gained mutation: You have hoof-like feet. [demonic
                  | ancestry]
  4350 | D:5      | Reached XP level 6. HP: 42/44 MP: 9/9
  4607 | D:5      | Reached skill level 1 in Stealth
  4614 | D:5      | Noticed an ice beast
  4768 | D:4      | You fall into a shaft and drop 1 floor!
  4842 | D:5      | Gained mutation: You may rarely emit foul miasma when
                  | damaged in melee. [demonic ancestry]
  4842 | D:5      | Reached XP level 7. HP: 49/50 MP: 10/10
  4846 | D:5      | Reached skill level 1 in Evocations
  5295 | D:5      | Reached XP level 8. HP: 30/56 MP: 11/11
  6202 | D:6      | Learned a level 6 spell: Statue Form
  7251 | D:7      | Gained mutation: You regenerate health from kills. [demonic
                  | ancestry]
  7251 | D:7      | Reached XP level 9. HP: 60/66 MP: 12/12
  7638 | D:7      | Noticed Prince Ribbit
  7657 | D:7      | Killed Prince Ribbit
  7658 | D:7      | Reached skill level 5 in Fighting
  8032 | D:7      | Identified the +6 quarterstaff "Goblinbane" {venom, Fragile
                  | Fly Str+3}
  8426 | D:7      | Reached skill level 1 in Shields
  8654 | D:8      | Found a staircase to the Lair.
  8684 | D:8      | Reached skill level 10 in Long Blades
  9130 | D:8      | Acquired a manual of Fighting
  9381 | D:9      | Noticed a two-headed ogre
  9934 | D:4      | Killed Eustachio
 10108 | D:4      | Found a staircase to the Ecumenical Temple.
 10134 | D:4      | Gained mutation: Your presence sometimes corrodes those you
                  | injure. [demonic ancestry]
 10134 | D:4      | Reached XP level 10. HP: 58/74 MP: 13/13
 10498 | Temple   | Entered the Ecumenical Temple
 10616 | Temple   | Became a worshipper of Cheibriados the Contemplative
 10814 | Lair:1   | Entered Level 1 of the Lair of Beasts
 11770 | D:9      | Noticed a two-headed ogre
 11794 | D:9      | Killed a two-headed ogre
 12310 | D:9      | Killed a two-headed ogre
 12311 | D:9      | Reached skill level 10 in Fighting
 12996 | D:10     | Entered Level 10 of the Dungeon
 13008 | D:10     | Reached * piety under Cheibriados
 13113 | D:10     | Noticed a two-headed ogre
 13122 | D:10     | Noticed a two-headed ogre
 13434 | D:10     | Killed a two-headed ogre
 13568 | D:10     | Killed a two-headed ogre
 13569 | D:10     | Reached XP level 11. HP: 44/93 MP: 14/14
 14281 | D:10     | Paralysed by a hornet for 2 turns
 14286 | D:10     | Noticed a stone giant
 14696 | Lair:1   | Noticed a four-headed hydra
 14954 | Lair:2   | Reached ** piety under Cheibriados
 15075 | Lair:3   | Noticed a seven-headed hydra
 15318 | D:11     | Learned a level 1 spell: Apportation
 15539 | D:11     | Found a frozen archway.
 15607 | IceCv    | Entered an ice cave
 15896 | IceCv    | Reached skill level 5 in Evocations
 15902 | IceCv    | Noticed a death yak
 15921 | IceCv    | Reached *** piety under Cheibriados
 15921 | IceCv    | Killed a death yak
 15921 | IceCv    | Killed by an exploding death yak... ignited by their inner
                  | flame

Illustrated notes

Levels and vault maps discovered:
D:1:      wander_arrival_desolate, layout_loops_ring,
          dilly_ecumenical_altar_fadedgnrine
D:2:      minmay_wonky_spiral, layout_basic, serial_shops,
          nicolae_shop_behind_doors, minmay_tree_intersection
D:3:      layout_loops_corners, mainiacjoe_overflow_alcove_2
D:4:      layout_basic, minmay_temple_entry_antechambers, uniq_eustachio,
          uniq_robin
D:5:      minmay_polygon_palace, layout_loops_ring, st_stairs_6,
          nicolae_concentric_dashed_squares_mild, hangedman_decor_push
D:6:      layout_cave_pods
D:7:      corexii_shantytown, layout_loops_ring, uniq_prince_ribbit1
D:8:      nicolae_BIG_FREAKIN_CUBE, layout_cave_pools, lair_entry_dummy,
          hangedman_abyss_or_decor_slice
D:9:      layout_irregular_city
D:10:     minmay_chopped_fan, layout_irregular_city
D:11:     layout_rooms, portal_ice_cave_entry_animals_and_master,
          nicolae_yredelemnul_corpse_copse
Temple:   mainiacjoe_temple_hex_bubbles
Lair:1:   layout_roguey, grunt_megastairs_5
Lair:2:   layout_chaotic_city, minmay_shoals_entry_hut,
          nicolae_spider_entry_tight_spaces
Lair:3:   layout_roguey, nzn_sisyphean_effort
IceCv:    ice_cave_small_giant

Skill      XL: |  1  2  3  4  5  6  7  8  9 10 11 |
---------------+----------------------------------+-----
Long Blades    | 2 3 4 5 6 7 9 10 12 13 | 13.4
Dodging        | 2 |  2.5
Stealth        | 1 3 |  3.0
Evocations     | 3 5 |  5.2
Fighting       | 4 6 11 13 | 13.4
Shields        | 4 |  4.0
Throwing       | |  0.8
Armour         | |  0.8
Spellcasting   | |  2.0
Translocations | |  2.6

Action                   |  1- 3 |  4- 6 |  7- 9 | 10-12 || total
-------------------------+-------+-------+-------+-------++-------
Melee: Falchion          |   133 |   180 |   531 |     7 ||   851
       Kick              |    24 |    28 |    84 |       ||   136
       Long sword        |       |       |       |   512 ||   512
Throw: Boomerang         |       |       |    12 |    58 ||    70
 Cast: Blink             |       |     1 |     1 |    13 ||    15
Evoke: Wand              |       |       |     3 |     6 ||     9
  Use: Scroll            |     4 |     4 |     5 |    16 ||    29
       Potion            |       |       |     2 |     8 ||    10
 Stab: Sleeping          |     1 |       |    13 |     5 ||    19
       Invisible         |       |       |     8 |       ||     8
       Distracted        |       |       |     1 |       ||     1
Armor: Leather armour    |    47 |    69 |   207 |   193 ||   516
Dodge: Dodged            |    90 |   112 |   302 |   232 ||   736
Block: Buckler           |       |       |     9 |   114 ||   123

Table legend: (Time is in decaauts)
 A = Elapsed time spent in this place.
 B = Non-inter-level travel time spent in this place.
 C = Inter-level travel time spent in this place.
 D = Time resting spent in this place.
 E = Time spent auto-exploring this place.
 F = Levels seen in this place.
 G = Mean time per level.
                   A        B        C        D        E       F      G
               +--------+--------+--------+--------+--------+-----+--------+
         Total |  16541 |  15439 |   1102 |    883 |  11724 |  16 | 1033.8 |
       Dungeon |  15206 |  14260 |    946 |    575 |  11155 |  11 | 1382.4 |
        Temple |    164 |     99 |     65 |      0 |     98 |   1 |  164.0 |
          Lair |    863 |    772 |     91 |     93 |    456 |   3 |  287.7 |
      Ice Cave |    308 |    308 |      0 |    215 |     13 |   1 |  308.0 |
               +--------+--------+--------+--------+--------+-----+--------+

Top non-repeatable levels by time:
     D:5: 2086 daAuts
     D:7: 1934 daAuts
     D:9: 1852 daAuts
    D:10: 1519 daAuts
     D:1: 1474 daAuts
     D:6: 1355 daAuts
     D:2: 1214 daAuts
     D:3: 1172 daAuts
     D:8: 1094 daAuts
     D:4: 1015 daAuts
    D:11: 486 daAuts
  Lair:1: 447 daAuts
  Lair:2: 411 daAuts
   IceCv: 308 daAuts
  Temple: 164 daAuts
